Ice Caps vs Tigers

Created - Monday, February 29, 2016 at 03:37

Goals
1 2 3 T
Ice Caps 1 0 0 1
Tigers 0 0 0 0
Shots
1 2 3 T
Ice Caps 9 6 10 25
Tigers 1 8 6 15

1st period

1. Ice Caps , Trevor Smith 18 (Shawn Thornton) at 10:24

Penalties :
Cody McLeod (BRI) for Fighting (Major) at 4:15, B.J. Crombeen (STJ) for Fighting (Major) at 4:15, Kyle Quincey (BRI) for Tripping (Minor) at 11:43

2nd period

No Goal

Penalties :
Patrick Kaleta (BRI) for Tripping (Minor) at 1:45, B.J. Crombeen (STJ) for Interference (Minor) at 8:00, Anthony Peluso (BRI) for Fighting (Major) at 10:46, B.J. Crombeen (STJ) for Fighting (Major) at 10:46, Anthony Peluso (BRI) for instigated a fight (Minor) at 10:46, Anthony Peluso (BRI) for instigated a fight (10 Minutes Misconduct) at 10:46

3rd period

No Goal

Penalties :
Ryan Carter (STJ) for High sticking (Minor) at 3:59

Goalie Stats

Jeff Zatkoff (STJ), 15 saves from 15 shots - (1.000), W, 20-5-9, 60:00 minutes
Cam Ward (BRI), 24 saves from 25 shots - (0.960), L, 39-7-16, 60:00 minutes

Players Stats for Ice Caps

Player Name              G  A  P  +/- PIM S  H  SB GA TA FO     MP     PP MP  PK MP  
------------------------------------------------------------------------------------
Alex Biega               0  0  0   1  0   0  1  0  0  0  0/0    20:33   2:48   0:57 
Alex Grant               0  0  0   0  0   0  4  0  0  1  0/0    23:45   3:09   3:01 
B.J. Crombeen            0  0  0   1  12  0  1  1  1  1  0/0    14:11   1:56   0:39 
Barry Goers              0  0  0   0  0   0  2  0  1  3  0/0    15:42   0:00   0:00 
Bobby Sanguinetti        0  0  0   0  0   0  1  1  1  1  0/0    23:45   3:09   3:01 
Brandon Yip              0  0  0   0  0   0  1  0  0  0  1/1    10:54   0:00   0:00 
Chris Conner             0  0  0   0  0   0  1  1  4  0  0/0    13:48   1:02   0:00 
Derek Grant              0  0  0   0  0   2  0  0  1  1  3/5    13:46   0:11   1:44 
Nathan Oystrick          0  0  0   0  0   0  2  0  1  2  0/0    15:42   0:00   0:00 
Nick D'Agostino          0  0  0   1  0   1  1  0  0  3  0/0    20:33   2:48   0:57 
Patrick Dwyer            0  0  0   0  0   1  0  1  0  0  0/0    16:52   2:48   0:00 
Paul Carey               0  0  0   0  0   0  0  0  2  0  0/0    13:25   0:00   1:42 
Ryan Carter              0  0  0   0  2   1  3  0  3  0  1/1    18:05   2:48   1:14 
Scott Gomez              0  0  0   0  0   8  0  1  4  0  9/16   19:29   2:48   2:37 
Shawn Thornton           0  1  1   1  0   3  1  0  0  1  1/3    16:36   3:09   0:00 
Tim Kennedy              0  0  0   0  0   4  0  0  1  0  4/5    10:54   0:00   0:00 
Trevor Smith             1  0  1   1  0   3  0  0  4  0  3/3    16:36   3:09   0:00 
Troy Bodie               0  0  0   0  0   2  0  0  0  1  0/0    11:22   0:00   0:00 

Players Stats for Tigers

Player Name              G  A  P  +/- PIM S  H  SB GA TA FO     MP     PP MP  PK MP  
------------------------------------------------------------------------------------
Adam Comrie              0  0  0  -1  0   0  0  1  0  0  0/0    20:09   1:33   3:20 
Alexander Khokhlachev    0  0  0   0  0   1  0  0  1  0  4/9    14:05   1:55   0:00 
Anthony Peluso           0  0  0   0  17  0  4  0  0  1  0/0     6:46   0:00   0:00 
Brandon Bollig           0  0  0  -1  0   0  2  0  1  2  0/0    15:14   0:00   1:23 
Brandon Defazio          0  0  0   0  0   0  1  0  0  0  0/0     9:43   0:04   0:39 
Carter Rowney            0  0  0   0  0   0  0  0  0  1  5/11   16:13   2:03   0:00 
Chandler Stephenson      0  0  0  -1  0   1  0  0  0  0  1/3    14:10   0:00   0:00 
Cody McLeod              0  0  0   0  5   1  1  1  5  1  1/8    19:09   1:51   3:55 
Connor Carrick           0  0  0  -1  0   1  1  0  0  0  0/0    20:09   1:33   3:20 
David Booth              0  0  0   0  0   0  1  0  1  3  1/2    18:23   1:55   3:55 
Ian White                0  0  0   0  0   0  1  1  0  1  0/0    16:10   0:00   0:00 
Jordan Leopold           0  0  0   0  0   0  2  0  0  2  0/0    23:41   2:25   2:37 
Kane Lafranchise         0  0  0   0  0   0  1  0  0  2  0/0    16:42   0:00   0:32 
Kyle Quincey             0  0  0   0  2   1  3  0  0  3  0/0    23:37   2:25   2:05 
Patrick Kaleta           0  0  0   0  2   4  3  0  2  0  0/0    17:01   2:03   0:00 
Rene Bourque             0  0  0   0  0   3  1  0  3  0  0/0    18:05   2:03   1:23 
Ronalds Kenins           0  0  0   0  0   1  2  0  2  0  0/0    10:33   0:00   0:39 
Ty Rattie                0  0  0  -1  0   2  3  0  3  0  0/1    14:09   0:00   0:00 

3 Stars

1 - Jeff Zatkoff (STJ)
2 - Cam Ward (BRI)
3 - Trevor Smith (STJ)

Power Play

Ice Caps - 0 on 3 Attempt(s) - 0.00%
Tigers - 0 on 2 Attempt(s) - 0.00%

Penalty Kill

Ice Caps - 2 on 2 Attempt(s) - 100.00% - Score 0 goal in Penalty Kill
Tigers - 3 on 3 Attempt(s) - 100.00% - Score 0 goal in Penalty Kill

Team Stat

Ice Caps - Hits : 18 - Faceoff Wins : 22 - Blocked Shots : 5 - Penalty Minutes : 14
Tigers - Hits : 26 - Faceoff Wins : 12 - Blocked Shots : 3 - Penalty Minutes : 26

Official

Referees : Unknown
Linesman : Unknown

Game Notes

Cody McLeod and B.J. Crombeen fight to a draw at 4:15 of 1st period
B.J. Crombeen beats up Anthony Peluso at 10:46 of 2nd period

Finance

Level 1 -- Attendance: 1420 (71.00%) -- Ticket Income $49,700
Level 2 -- Attendance: 689 (68.90%) -- Ticket Income $10,335
Total Attendance: 2109 (70.30%)
Total Ticket Income: $60,035
Other Income: $29,417
Total Income: $89,452

Ice Caps

5 vs 5 Forward 
   Center                   Left Wing                Right Wing               Time % Phy DF OF 
 1 Scott Gomez              Ryan Carter              Patrick Dwyer            35     1   2  2  
 2 Trevor Smith             B.J. Crombeen            Shawn Thornton           30     1   2  2  
 3 Derek Grant              Chris Conner             Troy Bodie               22     1   2  2  
 4 Tim Kennedy              Paul Carey               Brandon Yip              13     1   2  2  

5 vs 5 Defense 
   Defense                  Defense                                           Time % Phy DF OF 
 1 Alex Grant               Bobby Sanguinetti                                 35     1   2  2  
 2 Alex Biega               Nick D'Agostino                                   30     1   2  2  
 3 Nathan Oystrick          Barry Goers                                       22     1   2  2  
 4 Alex Grant               Bobby Sanguinetti                                 13     1   2  2  

PowerPlay Forward 
   Center                   Left Wing                Right Wing               Time % Phy DF OF 
 1 Scott Gomez              Ryan Carter              Patrick Dwyer            60     1   2  2  
 2 Trevor Smith             B.J. Crombeen            Shawn Thornton           40     1   2  2  

PowerPlay Defense
   Defense                  Defense                                           Time % Phy DF OF 
 1 Alex Grant               Bobby Sanguinetti                                 60     1   2  2  
 2 Alex Biega               Nick D'Agostino                                   40     1   2  2  

Penalty Kill 4 Players Forward 
   Center                   Wing                     Time % Phy DF OF 
 1 Scott Gomez              Ryan Carter              60     1   2  2  
 2 Patrick Dwyer            Trevor Smith             40     1   2  2  

Penalty Kill 4 Players Defense
   Defense                  Defense                  Time % Phy DF OF 
 1 Alex Grant               Bobby Sanguinetti        60     1   2  2  
 2 Alex Biega               Nick D'Agostino          40     1   2  2  

Penalty Kill - 3 Players Forward 
   Forward                                           Time % Phy DF OF 
 1 Scott Gomez                                       60     1   2  2  
 2 Ryan Carter                                       40     1   2  2  

Penalty Kill - 3 Players Defense
   Defense                  Defense                  Time % Phy DF OF 
 1 Alex Grant               Bobby Sanguinetti        60     1   2  2  
 2 Alex Biega               Nick D'Agostino          40     1   2  2  

4 vs 4 Forward 
   Center                   Wing                     Time % Phy DF OF 
 1 Scott Gomez              Ryan Carter              60     1   2  2  
 2 Patrick Dwyer            Trevor Smith             40     1   2  2  

4 vs 4 Defense
   Defense                  Defense                  Time % Phy DF OF 
 1 Alex Grant               Bobby Sanguinetti        60     1   2  2  
 2 Alex Biega               Nick D'Agostino          40     1   2  2  

Last Minutes Offensive
   Center                   Left Wing                Right Wing               Defense                  Defense                  
   Scott Gomez              Ryan Carter              Patrick Dwyer            Alex Grant               Bobby Sanguinetti        

Last Minutes Defensive
   Center                   Left Wing                Right Wing               Defense                  Defense                  
   Scott Gomez              Ryan Carter              Patrick Dwyer            Alex Grant               Bobby Sanguinetti        

Goaltenders
Starting : Jeff Zatkoff             
Backup : Scott Greenham           

Extra Forwards
Normal : Chris Conner, Derek Grant, Paul Carey - PP : Chris Conner, Derek Grant - PK : Paul Carey
Extra Defensemen
Normal : Nathan Oystrick, Barry Goers, Alex Biega - PP : Nathan Oystrick - PK : Barry Goers, Alex Biega
Penalty Shots
Scott Gomez, Ryan Carter, Patrick Dwyer, Trevor Smith, Shawn Thornton

Tigers

5 vs 5 Forward 
   Center                   Left Wing                Right Wing               Time % Phy DF OF 
 1 Alexander Khokhlachev    Cody McLeod              David Booth              35     1   2  2  
 2 Carter Rowney            Rene Bourque             Patrick Kaleta           30     1   2  2  
 3 Chandler Stephenson      Brandon Bollig           Ty Rattie                22     1   2  2  
 4 Cody McLeod              Ronalds Kenins           Anthony Peluso           13     1   2  2  

5 vs 5 Defense 
   Defense                  Defense                                           Time % Phy DF OF 
 1 Kyle Quincey             Jordan Leopold                                    35     1   2  2  
 2 Connor Carrick           Adam Comrie                                       30     1   2  2  
 3 Ian White                Kane Lafranchise                                  22     1   2  2  
 4 Kyle Quincey             Jordan Leopold                                    13     1   2  2  

PowerPlay Forward 
   Center                   Left Wing                Right Wing               Time % Phy DF OF 
 1 Alexander Khokhlachev    Cody McLeod              David Booth              60     1   2  2  
 2 Carter Rowney            Rene Bourque             Patrick Kaleta           40     1   2  2  

PowerPlay Defense
   Defense                  Defense                                           Time % Phy DF OF 
 1 Kyle Quincey             Jordan Leopold                                    60     1   2  2  
 2 Connor Carrick           Adam Comrie                                       40     1   2  2  

Penalty Kill 4 Players Forward 
   Center                   Wing                     Time % Phy DF OF 
 1 Cody McLeod              David Booth              60     1   2  2  
 2 Rene Bourque             Brandon Bollig           40     1   2  2  

Penalty Kill 4 Players Defense
   Defense                  Defense                  Time % Phy DF OF 
 1 Kyle Quincey             Jordan Leopold           60     1   2  2  
 2 Connor Carrick           Adam Comrie              40     1   2  2  

Penalty Kill - 3 Players Forward 
   Forward                                           Time % Phy DF OF 
 1 Cody McLeod                                       60     1   2  2  
 2 David Booth                                       40     1   2  2  

Penalty Kill - 3 Players Defense
   Defense                  Defense                  Time % Phy DF OF 
 1 Kyle Quincey             Jordan Leopold           60     1   2  2  
 2 Connor Carrick           Adam Comrie              40     1   2  2  

4 vs 4 Forward 
   Center                   Wing                     Time % Phy DF OF 
 1 Cody McLeod              David Booth              60     1   2  2  
 2 Rene Bourque             Brandon Bollig           40     1   2  2  

4 vs 4 Defense
   Defense                  Defense                  Time % Phy DF OF 
 1 Kyle Quincey             Jordan Leopold           60     1   2  2  
 2 Connor Carrick           Adam Comrie              40     1   2  2  

Last Minutes Offensive
   Center                   Left Wing                Right Wing               Defense                  Defense                  
   Alexander Khokhlachev    Cody McLeod              David Booth              Kyle Quincey             Jordan Leopold           

Last Minutes Defensive
   Center                   Left Wing                Right Wing               Defense                  Defense                  
   Alexander Khokhlachev    Cody McLeod              David Booth              Kyle Quincey             Jordan Leopold           

Goaltenders
Starting : Cam Ward                 
Backup : Scott Munroe             

Extra Forwards
Normal : Brandon Defazio, Ty Rattie, Ronalds Kenins - PP : Brandon Defazio, Ty Rattie - PK : Ronalds Kenins
Extra Defensemen
Normal : Ian White, Kane Lafranchise, Connor Carrick - PP : Ian White - PK : Kane Lafranchise, Connor Carrick
Penalty Shots
Cody McLeod, David Booth, Rene Bourque, Brandon Bollig, Patrick Kaleta

% Time on Ice - Ice Caps

Lines # - Real PCT - Wanted PCT - Time Play
Normal Forward
1 - 28% - 35% - 13:45
2 - 27% - 30% - 13:27
3 - 23% - 22% - 11:22
4 - 22% - 13% - 10:54
Normal Defense
1 - 31% - 35% - 15:10
2 - 34% - 30% - 16:44
3 - 32% - 22% - 15:42
4 - 4% - 13% - 1:52
PP Forward
1 - 47% - 60% - 2:48
2 - 53% - 40% - 3:09
PP Defense
1 - 53% - 60% - 3:09
2 - 47% - 40% - 2:48
PK Forward
1 - 100% - 60% - 3:58
2 - 0% - 40% - 0:00
PK Defense
1 - 76% - 60% - 3:01
2 - 24% - 40% - 0:57
PK3 Forward
1 - 0% - 60%
2 - 0% - 40%
PK3 Defense
1 - 0% - 60%
2 - 0% - 40%
44 Forward
1 - 0% - 60%
2 - 0% - 40%
44 Defense
1 - 0% - 60%
2 - 0% - 40%
Last Minute Offensive  - 0:00
Last Minute Defensive  - 0:37
Total
Forward - 60:00
Defense - 60:00

% Time on Ice - Tigers

Lines # - Real PCT - Wanted PCT - Time Play
Normal Forward
1 - 26% - 35% - 13:00
2 - 29% - 30% - 14:39
3 - 27% - 22% - 13:22
4 - 18% - 13% - 8:48
Normal Defense
1 - 33% - 35% - 16:14
2 - 31% - 30% - 15:16
3 - 32% - 22% - 16:10
4 - 4% - 13% - 2:09
PP Forward
1 - 48% - 60% - 1:55
2 - 52% - 40% - 2:03
PP Defense
1 - 61% - 60% - 2:25
2 - 39% - 40% - 1:33
PK Forward
1 - 77% - 60% - 4:34
2 - 23% - 40% - 1:23
PK Defense
1 - 44% - 60% - 2:37
2 - 56% - 40% - 3:20
PK3 Forward
1 - 0% - 60%
2 - 0% - 40%
PK3 Defense
1 - 0% - 60%
2 - 0% - 40%
44 Forward
1 - 0% - 60%
2 - 0% - 40%
44 Defense
1 - 0% - 60%
2 - 0% - 40%
Last Minute Offensive  - 0:16
Last Minute Defensive  - 0:00
Total
Forward - 60:00
Defense - 60:00

Play by Play

1st period


0:01 of 1st period - David Booth wins face-off versus Scott Gomez in neutral zone.
0:03 of 1st period - Off-side.
0:04 of 1st period - Alexander Khokhlachev wins face-off versus Scott Gomez in neutral zone.
1:27 of 1st period - Icing by Rene Bourque.
1:28 of 1st period - Carter Rowney wins face-off versus Derek Grant in Tigers zone.
1:35 of 1st period - Derek Grant is hit by Patrick Kaleta and loses puck.
1:47 of 1st period - Snap shot by Nick D'Agostino.
1:47 of 1st period - Stopped by Cam Ward without a rebound.
1:48 of 1st period - Derek Grant wins face-off versus Ty Rattie in Tigers zone.
3:41 of 1st period - Scott Gomez is hit by David Booth and loses puck.
3:56 of 1st period - David Booth is hit by Alex Grant.
4:15 of 1st period - Cody McLeod and B.J. Crombeen fight to a draw.
4:15 of 1st period - Penalty to Cody McLeod for Fighting.
4:15 of 1st period - Penalty to B.J. Crombeen for Fighting.
4:16 of 1st period - Trevor Smith wins face-off versus Carter Rowney in Tigers zone.
4:45 of 1st period - Snap shot by Shawn Thornton.
4:45 of 1st period - Shot Misses the Net.
4:47 of 1st period - Snap shot by Shawn Thornton.
4:47 of 1st period - Deflect By Trevor Smith.
4:47 of 1st period - Stopped by Cam Ward without a rebound.
4:48 of 1st period - Scott Gomez wins face-off versus Chandler Stephenson in Tigers zone.
5:40 of 1st period - Kane Lafranchise is hit by Barry Goers and loses puck.
5:51 of 1st period - Nick D'Agostino is hit by Kane Lafranchise and loses puck.
5:59 of 1st period - Icing by Nick D'Agostino.
6:00 of 1st period - Tim Kennedy wins face-off versus Alexander Khokhlachev in Ice Caps zone.
6:00 of 1st period - Tim Kennedy is hit by Brandon Defazio.
6:46 of 1st period - Ronalds Kenins is hit by Chris Conner and loses puck.
7:10 of 1st period - Alex Grant is hit by Anthony Peluso and loses puck.
7:55 of 1st period - Slapshot by Ryan Carter.
7:55 of 1st period - Shot Misses the Net.
8:38 of 1st period - Snap shot by Paul Carey.
8:38 of 1st period - Deflect By Tim Kennedy.
8:38 of 1st period - Stopped by Cam Ward without a rebound.
8:39 of 1st period - Tim Kennedy wins face-off versus Alexander Khokhlachev in Tigers zone.
8:44 of 1st period - Snap shot by Tim Kennedy.
8:44 of 1st period - Stopped by Cam Ward without a rebound.
8:45 of 1st period - Tim Kennedy wins face-off versus Alexander Khokhlachev in Tigers zone.
8:54 of 1st period - Snap shot by Tim Kennedy.
8:54 of 1st period - Stopped by Cam Ward without a rebound.
8:55 of 1st period - Alexander Khokhlachev wins face-off versus Scott Gomez in Tigers zone.
10:22 of 1st period - Snap shot by Shawn Thornton.
10:22 of 1st period - Stopped by Cam Ward with a rebound.
10:24 of 1st period - Snap shot by Trevor Smith.
10:24 of 1st period - Goal by Trevor Smith - Ice Caps : 1 - Tigers : 0.
10:25 of 1st period - Shawn Thornton wins face-off versus Cody McLeod in neutral zone.
11:14 of 1st period - Patrick Kaleta is hit by Ryan Carter and loses puck.
11:41 of 1st period - Slapshot by Scott Gomez.
11:41 of 1st period - Shot Misses the Net.
11:43 of 1st period - Minor Penalty to Kyle Quincey for Tripping.
11:44 of 1st period - Scott Gomez wins face-off versus Cody McLeod in Tigers zone.
12:21 of 1st period - Slapshot by Shawn Thornton.
12:21 of 1st period - Stopped by Cam Ward without a rebound.
12:22 of 1st period - Trevor Smith wins face-off versus Cody McLeod in Tigers zone.
12:53 of 1st period - Snap shot by David Booth.
12:53 of 1st period - Deflect By Cody McLeod.
12:53 of 1st period - Shot Blocked by Patrick Dwyer.
12:53 of 1st period - Puck is out of play.
12:54 of 1st period - Scott Gomez wins face-off versus Cody McLeod in Ice Caps zone.
13:43 of 1st period - Penalty to Kyle Quincey is over, Kyle Quincey is back on ice.
14:24 of 1st period - Snap shot by Derek Grant.
14:24 of 1st period - Stopped by Cam Ward with a rebound.
14:54 of 1st period - Patrick Kaleta is hit by Nathan Oystrick and loses puck.
15:01 of 1st period - Paul Carey is hit by Rene Bourque.
16:07 of 1st period - Derek Grant is hit by Ty Rattie and loses puck.
16:12 of 1st period - Slapshot by Brandon Bollig.
16:12 of 1st period - Shot Blocked by Chris Conner.
17:05 of 1st period - Ryan Carter is hit by Ronalds Kenins and loses puck.
17:20 of 1st period - Slapshot by Ronalds Kenins.
17:20 of 1st period - Stopped by Jeff Zatkoff without a rebound.
17:21 of 1st period - Brandon Yip wins face-off versus Carter Rowney in Ice Caps zone.
17:33 of 1st period - Jordan Leopold is hit by Brandon Yip.
18:42 of 1st period - Ian White is hit by Alex Grant.
18:54 of 1st period - Snap shot by Cody McLeod.
18:54 of 1st period - Deflect By Scott Gomez.
18:54 of 1st period - Shot Misses the Net.
18:54 of 1st period - Puck is out of play.
18:55 of 1st period - Derek Grant wins face-off versus David Booth in Ice Caps zone.
19:43 of 1st period - Paul Carey is hit by Kyle Quincey and loses puck.
Goals for this period are 1 for Ice Caps vs 0 for Tigers.
Shots for this period are 9 for Ice Caps vs 1 for Tigers.

2nd period


0:01 of 2nd period - Scott Gomez wins face-off versus Alexander Khokhlachev in neutral zone.
0:50 of 2nd period - Ty Rattie is hit by Alex Grant and loses puck.
1:07 of 2nd period - B.J. Crombeen is hit by Jordan Leopold and loses puck.
1:28 of 2nd period - Snap shot by Chris Conner.
1:28 of 2nd period - Shot Blocked by Adam Comrie.
1:30 of 2nd period - Snap shot by Nathan Oystrick.
1:30 of 2nd period - Shot Misses the Net.
1:32 of 2nd period - Wrist shot by Troy Bodie.
1:32 of 2nd period - Deflect By Patrick Kaleta.
1:32 of 2nd period - Stopped by Cam Ward without a rebound.
1:33 of 2nd period - Carter Rowney wins face-off versus Derek Grant in Tigers zone.
1:45 of 2nd period - Minor Penalty to Patrick Kaleta for Tripping.
1:46 of 2nd period - Ryan Carter wins face-off versus Cody McLeod in Tigers zone.
1:48 of 2nd period - Slapshot by Scott Gomez.
1:48 of 2nd period - Stopped by Cam Ward with a rebound.
1:50 of 2nd period - Slapshot by Alex Grant.
1:50 of 2nd period - Deflect By Scott Gomez.
1:50 of 2nd period - Stopped by Cam Ward with a rebound.
2:48 of 2nd period - Slapshot by Connor Carrick.
2:48 of 2nd period - Shot Misses the Net.
2:54 of 2nd period - Cody McLeod is hit by Shawn Thornton and loses puck.
3:45 of 2nd period - Penalty to Patrick Kaleta is over, Patrick Kaleta is back on ice.
4:01 of 2nd period - Derek Grant is hit by Connor Carrick and loses puck.
4:14 of 2nd period - Snap shot by Derek Grant.
4:14 of 2nd period - Shot Misses the Net.
4:16 of 2nd period - Snap shot by Chris Conner.
4:16 of 2nd period - Shot Misses the Net.
4:18 of 2nd period - Slapshot by Derek Grant.
4:18 of 2nd period - Stopped by Cam Ward with a rebound.
4:47 of 2nd period - Snap shot by Ty Rattie.
4:47 of 2nd period - Shot Misses the Net.
5:03 of 2nd period - Chandler Stephenson is hit by Barry Goers and loses puck.
5:18 of 2nd period - Carter Rowney is hit by Nathan Oystrick and loses puck.
5:35 of 2nd period - Backhand shot by Rene Bourque.
5:35 of 2nd period - Shot Misses the Net.
6:34 of 2nd period - Slapshot by Brandon Bollig.
6:34 of 2nd period - Shot Misses the Net.
6:36 of 2nd period - Wrist shot by Chandler Stephenson.
6:36 of 2nd period - Stopped by Jeff Zatkoff without a rebound.
6:37 of 2nd period - Chandler Stephenson wins face-off versus Tim Kennedy in Ice Caps zone.
7:20 of 2nd period - Snap shot by Scott Gomez.
7:20 of 2nd period - Shot Hit the Post.
7:24 of 2nd period - Snap shot by Scott Gomez.
7:24 of 2nd period - Stopped by Cam Ward with a rebound.
7:40 of 2nd period - Wrist shot by B.J. Crombeen.
7:40 of 2nd period - Shot Misses the Net.
7:42 of 2nd period - Wrist shot by Trevor Smith.
7:42 of 2nd period - Stopped by Cam Ward without a rebound.
7:43 of 2nd period - Carter Rowney wins face-off versus Shawn Thornton in Tigers zone.
7:43 of 2nd period - Carter Rowney is hit by Nick D'Agostino.
8:00 of 2nd period - Minor Penalty to B.J. Crombeen for Interference.
8:01 of 2nd period - Carter Rowney wins face-off versus Scott Gomez in Ice Caps zone.
8:52 of 2nd period - Scott Gomez is hit by Jordan Leopold and loses puck.
9:21 of 2nd period - Wrist shot by Alexander Khokhlachev.
9:21 of 2nd period - Stopped by Jeff Zatkoff with a rebound.
9:23 of 2nd period - Wrist shot by Cody McLeod.
9:23 of 2nd period - Shot Blocked by Bobby Sanguinetti.
10:00 of 2nd period - Penalty to B.J. Crombeen is over, B.J. Crombeen is back on ice.
10:28 of 2nd period - B.J. Crombeen is hit by Ty Rattie.
10:46 of 2nd period - B.J. Crombeen beats up Anthony Peluso.
10:46 of 2nd period - Penalty to Anthony Peluso for Fighting.
10:46 of 2nd period - Penalty to B.J. Crombeen for Fighting.
10:46 of 2nd period - Penalty to Anthony Peluso for instigated a fight.
10:46 of 2nd period - Penalty to Anthony Peluso for instigated a fight.
10:47 of 2nd period - Trevor Smith wins face-off versus Cody McLeod in Tigers zone.
12:03 of 2nd period - Wrist shot by Cody McLeod.
12:03 of 2nd period - Stopped by Jeff Zatkoff with a rebound.
12:11 of 2nd period - Slapshot by Connor Carrick.
12:11 of 2nd period - Stopped by Jeff Zatkoff without a rebound.
12:12 of 2nd period - Scott Gomez wins face-off versus Cody McLeod in Ice Caps zone.
12:46 of 2nd period - Penalty to Anthony Peluso is over, Cody McLeod is send on ice.
13:23 of 2nd period - Wrist shot by Patrick Kaleta.
13:23 of 2nd period - Stopped by Jeff Zatkoff with a rebound.
13:25 of 2nd period - Snap shot by Rene Bourque.
13:25 of 2nd period - Shot Misses the Net.
13:53 of 2nd period - Wrist shot by Ty Rattie.
13:53 of 2nd period - Stopped by Jeff Zatkoff with a rebound.
13:55 of 2nd period - Slapshot by Kyle Quincey.
13:55 of 2nd period - Stopped by Jeff Zatkoff with a rebound.
13:57 of 2nd period - Backhand shot by Kyle Quincey.
13:57 of 2nd period - Shot Misses the Net.
13:59 of 2nd period - Snap shot by Ty Rattie.
13:59 of 2nd period - Stopped by Jeff Zatkoff without a rebound.
14:00 of 2nd period - Derek Grant wins face-off versus Chandler Stephenson in Ice Caps zone.
14:00 of 2nd period - Derek Grant is hit by Ty Rattie.
14:12 of 2nd period - Snap shot by Derek Grant.
14:12 of 2nd period - Shot Misses the Net.
14:43 of 2nd period - Off-side.
14:44 of 2nd period - Scott Gomez wins face-off versus Carter Rowney in neutral zone.
14:47 of 2nd period - Snap shot by Patrick Dwyer.
14:47 of 2nd period - Shot Misses the Net.
14:57 of 2nd period - Wrist shot by Patrick Kaleta.
14:57 of 2nd period - Shot Hit the Post.
14:59 of 2nd period - Slapshot by Adam Comrie.
14:59 of 2nd period - Shot Misses the Net.
17:30 of 2nd period - Patrick Kaleta is hit by Ryan Carter and loses puck.
18:26 of 2nd period - Cody McLeod is hit by Alex Biega and loses puck.
18:59 of 2nd period - Trevor Smith is hit by Ian White and loses puck.
Goals for this period are 0 for Ice Caps vs 0 for Tigers.
Shots for this period are 6 for Ice Caps vs 8 for Tigers.

3rd period


0:01 of 3rd period - Alexander Khokhlachev wins face-off versus Scott Gomez in neutral zone.
0:32 of 3rd period - Snap shot by Alexander Khokhlachev.
0:32 of 3rd period - Shot Hit the Post.
0:38 of 3rd period - Jordan Leopold is hit by Alex Grant and loses puck.
1:07 of 3rd period - Slapshot by Rene Bourque.
1:07 of 3rd period - Shot Misses the Net.
1:23 of 3rd period - Snap shot by Patrick Kaleta.
1:23 of 3rd period - Stopped by Jeff Zatkoff with a rebound.
1:25 of 3rd period - Wrist shot by Patrick Kaleta.
1:25 of 3rd period - Shot Blocked by B.J. Crombeen.
1:27 of 3rd period - Snap shot by Patrick Kaleta.
1:27 of 3rd period - Stopped by Jeff Zatkoff with a rebound.
2:52 of 3rd period - Snap shot by Tim Kennedy.
2:52 of 3rd period - Stopped by Cam Ward without a rebound.
2:53 of 3rd period - Tim Kennedy wins face-off versus Carter Rowney in Tigers zone.
3:22 of 3rd period - Snap shot by Rene Bourque.
3:22 of 3rd period - Deflect By Patrick Kaleta.
3:22 of 3rd period - Shot Misses the Net.
3:22 of 3rd period - Puck is out of play.
3:23 of 3rd period - Alexander Khokhlachev wins face-off versus Scott Gomez in Ice Caps zone.
3:46 of 3rd period - Wrist shot by Ryan Carter.
3:46 of 3rd period - Shot Blocked by Cody McLeod.
3:59 of 3rd period - Minor Penalty to Ryan Carter for High sticking.
4:00 of 3rd period - Scott Gomez wins face-off versus Carter Rowney in Ice Caps zone.
4:10 of 3rd period - Wrist shot by Patrick Kaleta.
4:10 of 3rd period - Stopped by Jeff Zatkoff with a rebound.
4:12 of 3rd period - Snap shot by Carter Rowney.
4:12 of 3rd period - Shot Misses the Net.
4:34 of 3rd period - Slapshot by Patrick Kaleta.
4:34 of 3rd period - Shot Blocked by Scott Gomez.
5:13 of 3rd period - Alex Biega is hit by Kyle Quincey and loses puck.
5:46 of 3rd period - 10 Minutes Misconduct Penalty to Anthony Peluso is over.
5:59 of 3rd period - Penalty to Ryan Carter is over, Ryan Carter is back on ice.
7:15 of 3rd period - Ian White is hit by Ryan Carter.
7:37 of 3rd period - Bobby Sanguinetti is hit by Anthony Peluso and loses puck.
7:48 of 3rd period - Troy Bodie is hit by Kyle Quincey and loses puck.
8:42 of 3rd period - Trevor Smith is hit by Cody McLeod and loses puck.
9:47 of 3rd period - Snap shot by Ryan Carter.
9:47 of 3rd period - Deflect By Scott Gomez.
9:47 of 3rd period - Stopped by Cam Ward with a rebound.
9:49 of 3rd period - Slapshot by Ryan Carter.
9:49 of 3rd period - Shot Misses the Net.
10:11 of 3rd period - Kyle Quincey is hit by B.J. Crombeen and loses puck.
10:31 of 3rd period - Wrist shot by Scott Gomez.
10:31 of 3rd period - Stopped by Cam Ward with a rebound.
10:33 of 3rd period - Wrist shot by Ryan Carter.
10:33 of 3rd period - Shot Misses the Net.
10:51 of 3rd period - Wrist shot by Rene Bourque.
10:51 of 3rd period - Stopped by Jeff Zatkoff with a rebound.
12:34 of 3rd period - Kane Lafranchise is hit by Bobby Sanguinetti and loses puck.
13:03 of 3rd period - Snap shot by Shawn Thornton.
13:03 of 3rd period - Stopped by Cam Ward with a rebound.
13:05 of 3rd period - Wrist shot by Shawn Thornton.
13:05 of 3rd period - Shot Blocked by Ian White.
13:52 of 3rd period - Bobby Sanguinetti is hit by Brandon Bollig and loses puck.
14:16 of 3rd period - Icing by Ronalds Kenins.
14:17 of 3rd period - Cody McLeod wins face-off versus Shawn Thornton in Tigers zone.
14:39 of 3rd period - Trevor Smith is hit by Brandon Bollig and loses puck.
15:07 of 3rd period - Nathan Oystrick is hit by Patrick Kaleta and loses puck.
15:33 of 3rd period - Chris Conner is hit by Anthony Peluso and loses puck.
16:02 of 3rd period - Snap shot by Scott Gomez.
16:02 of 3rd period - Shot Misses the Net.
17:15 of 3rd period - Snap shot by Scott Gomez.
17:15 of 3rd period - Shot Misses the Net.
17:17 of 3rd period - Snap shot by Patrick Dwyer.
17:17 of 3rd period - Shot Misses the Net.
17:19 of 3rd period - Slapshot by Bobby Sanguinetti.
17:19 of 3rd period - Shot Misses the Net.
17:33 of 3rd period - Wrist shot by Derek Grant.
17:33 of 3rd period - Shot Misses the Net.
17:35 of 3rd period - Wrist shot by Troy Bodie.
17:35 of 3rd period - Stopped by Cam Ward with a rebound.
17:55 of 3rd period - B.J. Crombeen is hit by Patrick Kaleta and loses puck.
18:06 of 3rd period - Wrist shot by Rene Bourque.
18:06 of 3rd period - Stopped by Jeff Zatkoff with a rebound.
18:20 of 3rd period - B.J. Crombeen is hit by Anthony Peluso and loses puck.
18:31 of 3rd period - Alex Grant is hit by Ronalds Kenins and loses puck.
18:53 of 3rd period - Icing by Scott Gomez.
18:54 of 3rd period - Carter Rowney wins face-off versus Scott Gomez in Ice Caps zone.
18:55 of 3rd period - Snap shot by Rene Bourque.
18:55 of 3rd period - Stopped by Jeff Zatkoff without a rebound.
18:56 of 3rd period - Mike Sullivan call a timeout for Tigers.
18:56 of 3rd period - Scott Gomez wins face-off versus Carter Rowney in Ice Caps zone.
19:03 of 3rd period - Snap shot by Ryan Carter.
19:03 of 3rd period - Stopped by Cam Ward with a rebound.
19:05 of 3rd period - Snap shot by Patrick Dwyer.
19:05 of 3rd period - Deflect By Scott Gomez.
19:05 of 3rd period - Stopped by Cam Ward with a rebound.
19:29 of 3rd period - Snap shot by Scott Gomez.
19:29 of 3rd period - Stopped by Cam Ward with a rebound.
19:41 of 3rd period - Snap shot by Scott Gomez.
19:41 of 3rd period - Stopped by Cam Ward with a rebound.
19:43 of 3rd period - Slapshot by Patrick Dwyer.
19:43 of 3rd period - Stopped by Cam Ward without a rebound.
19:44 of 3rd period - Scott Gomez wins face-off versus Alexander Khokhlachev in Tigers zone.
Goals for this period are 0 for Ice Caps vs 0 for Tigers.
Shots for this period are 10 for Ice Caps vs 6 for Tigers.